 Dungeon Crawl Stone Soup version 0.19.1-1-g22dce08 (webtiles) character file.

4599 Megalobster the Destroyer (level 10, -18/50 HPs)
             Began as a Deep Elf Conjurer on Jan 12, 2017.
             Was a Believer of Vehumet.
             Killed from afar by a rime drake (32 damage)
             ... with a flash freeze
             ... on level 1 of the Lair of Beasts.
             The game lasted 01:49:15 (13927 turns).

Megalobster the Destroyer (Deep Elf Conjurer)      Turns: 13927, Time: 01:49:15

Health: -18/50     AC:  5    Str: 11    XL:     10   Next: 19%
Magic:  10/18      EV: 14    Int: 25    God:    Vehumet [**....]
Gold:   434        SH:  3    Dex: 15    Spells: 6 memorised, 1 level left

rFire  + . .     SeeInvis .     C - +8 spear "Werie" {venom, rPois MR- Str+5 Stlth+}
rCold  x . .     Gourm    .     A - +0 robe
rNeg   . . .     Faith    .     E - +0 buckler
rPois  +         Spirit   .     t - +1 hat
rElec  .         Reflect  .     B - +0 cloak
rCorr  .         Harm     .     (no gloves)
MR     .....                    z - +0 pair of boots
Stlth  ++........               (no amulet)
                                i - ring of fire
                                q - ring of wizardry

@: drained
A: clever 1, wild magic 1, MP-powered wands
a: Renounce Religion


You were on level 1 of the Lair of Beasts.
You worshipped Vehumet.
Vehumet was pleased with you.
You were not hungry.

You visited 2 branches of the dungeon, and saw 10 of its levels.

You collected 434 gold pieces.

Inventory:

Hand Weapons
 p - a +2 rapier of speed
 C - the +8 spear "Werie" (weapon) {venom, rPois MR- Str+5 Stlth+}
   (You found it on level 4 of the Dungeon)

   It poisons the flesh of those it strikes.
   It affects your strength (+5).
   It protects you from poison.
   It affects your resistance to hostile enchantments.
   It makes you more stealthy.
 N - a +0 trident
Missiles
 l - 14 tomahawks (quivered)
 O - 5 tomahawks of returning
Armour
 t - a +1 hat (worn)
 z - a +0 pair of boots (worn)
 A - a +0 robe (worn)
 B - a +0 cloak (worn)
 E - a +0 buckler (worn)
Jewellery
 d - an uncursed ring of see invisible
 i - a ring of fire (right hand)
 q - a ring of wizardry (left hand)
 r - an uncursed amulet of harm
 x - an uncursed ring of protection from magic
 Q - an uncursed ring of protection from magic
Wands
 e - a wand of lightning (6/15)
 s - a wand of iceblast (6/15)
 G - a wand of iceblast (7/15)
 H - a wand of iceblast (5/15)
 M - a wand of polymorph (6/24)
Scrolls
 a - a scroll of amnesia
 f - a scroll of enchant armour
 g - 5 scrolls of identify
 j - 5 scrolls of immolation
 m - a scroll of recharging
 y - 2 scrolls of blinking
 F - 3 scrolls of teleportation
 K - a scroll of fog
 P - a scroll of fear
Potions
 c - a potion of invisibility {unknown}
 h - 6 potions of curing
 k - 2 potions of brilliance {unknown}
 n - a potion of might {unknown}
 o - a potion of resistance
 w - 2 potions of haste
 D - a potion of heal wounds {unknown}
 I - a potion of flight {unknown}
 J - a potion of degeneration {unknown}
 R - a potion of agility {unknown}
Books
 b - a book of Conjurations

   Spells                             Type                      Level
   a - Magic Dart                     Conjuration                  1
   b - Searing Ray                    Conjuration                  2
   c - Dazzling Spray                 Conjuration/Hexes            3
   d - Fulminant Prism                Conjuration/Hexes            4
   e - Iskenderun's Mystic Blast      Conjuration                  4
   f - Iskenderun's Battlesphere      Conjuration/Charms           5
Comestibles
 u - 6 chunks of flesh
 v - 2 meat rations
 L - a royal jelly


   Skills:
 - Level 1.1(0.4) Short Blades
 - Level 2.1(1.4) Polearms
 + Level 5.4(4.7) Dodging
 - Level 2.4(1.7) Stealth
 - Level 4.3(3.6) Spellcasting
 + Level 13.2(12.2) Conjurations
 - Level 1.5(0.8) Hexes
 * Level 9.2(8.3) Charms
 + Level 1.5(0.8) Fire Magic


You had one spell level left.
You knew the following spells:

 Your Spells              Type           Power        Failure   Level  Hunger
a - Magic Dart            Conj           ####         1%          1    None
b - Searing Ray           Conj           ######       1%          2    #......
c - Dazzling Spray        Conj/Hex       #####.       3%          3    ##.....
d - Iskenderun's Battles  Conj/Chrm      ######..     6%          5    ######.
e - Iskenderun's Mystic   Conj           ######..     1%          4    ####...
f - Flame Tongue          Conj/Fire      #####        1%          1    None


Dungeon Overview and Level Annotations

Branches:
Dungeon (9/15)             Temple (0/1) D:5            Lair (1/6) D:9
    Orc: D:9-12

Altars:
Dithmenos
Elyvilon
Fedhas
Gozag
Kikubaaqudgha
Makhleb
Nemelex Xobeh
Ru
Sif Muna
Uskayaw
Vehumet
Xom
Yredelemnul
Zin
The Shining One

Shops:
D:4 =   D:7 (   D:8 (


Innate Abilities, Weirdness & Mutations

Your mind is acute. (Int +2)
Your spells are a little harder to cast, but a little more powerful.
You expend magic power (3 MP) to strengthen your wands.


Message History

Aiming: Magic Dart
Press: ? - help, Shift-Dir - straight line, f/p - rime drake
Aim: a rime drake (moderately wounded, catching its breath)
The magic dart hits the rime drake.
The rime drake is heavily wounded.
The ice encasing you melts away. The rime drake breathes ice at you.
The flash freeze misses you.
Unknown command.
Casting: Magic Dart
Confirm with . or Enter, or press ? or * to list all spells.
Aiming: Searing Ray
Press: ? - help, Shift-Dir - straight line, f/p - rime drake
Aim: a rime drake (heavily wounded, catching its breath)
The searing ray hits the rime drake.
The rime drake is severely wounded.
The rime drake breathes ice at you. The flash freeze hits you!
You feel a painful chill!
Ouch! That really hurt!
You die...

#.P............
#......%...........
..................#
. #....k............
..#..#...≈≈..≈?.....
........≈≈≈≈≈≈≈≈....
.#.....≈≈≈≈≈≈≈≈≈....
...P...@≈≈≈≈≈≈≈≈≈...
P..#..≈≈≈≈≈≈.≈≈≈....
#.....≈≈≈≈.<.≈≈≈....
#......≈≈≈≈..≈≈≈....
#.#....≈≈≈≈≈≈≈≈≈....
. #.....≈≈≈≈≈≈≈.....
.......≈≈≈≈≈≈≈.....
.............≈......
..................>.


You could see a rime drake.

Vanquished Creatures
  A troll (D:8)
  A hippogriff (D:7)
  Eustachio (D:4)
  A steam dragon (D:9)
  Duvessa (D:7)
  An orc warrior (D:7)
  A sky beast (D:7)
  A black bear (D:9)
  3 ogres
  2 phantoms
  3 ice beasts
  3 centaurs
  A crocodile (Lair:1)
  3 bullfrogs
  A big kobold (D:8)
  A gnoll sergeant (D:9)
  2 water moccasin zombies
  Dowan (D:7)
  2 scorpions (D:5)
  3 killer bees (D:9)
  4 wights (D:7)
  6 howler monkeys
  3 centaur zombies
  9 crimson imps
  3 bullfrog zombies
  A hound (D:2)
  2 orc priests
  A bullfrog skeleton (D:6)
  4 iguanas
  An orc wizard (D:5)
  7 worker ants
  2 hound skeletons
  21 gnolls
  7 adders
  2 oozes
  An adder zombie (D:7)
  An adder skeleton (D:7)
  6 worms
  4 dart slugs
  8 leopard geckos
  37 orcs
  9 bats
  4 giant cockroaches
  10 goblins
  13 hobgoblins
  2 jackals (D:1)
  10 kobolds
  5 quokkas
  A ball python (D:2)
  5 frilled lizards
  A quokka skeleton (D:5)
  2 quokka zombies
  7 rats
232 creatures vanquished.

Notes
Turn   | Place    | Note
-------+----------+-------------------------------------------
     0 | D:1      | Megalobster the Deep Elf Conjurer began the quest for the Orb.
     0 | D:1      | Reached XP level 1. HP: 10/10 MP: 6/6
   168 | D:1      | Reached XP level 2. HP: 15/15 MP: 5/8
   202 | D:1      | Reached skill level 5 in Conjurations
   394 | D:1      | Learned a level 2 spell: Searing Ray
  1139 | D:2      | Reached XP level 3. HP: 19/19 MP: 7/9
  1261 | D:2      | Learned a level 3 spell: Dazzling Spray
  1749 | D:2      | Reached XP level 4. HP: 24/24 MP: 7/10
  1857 | D:2      | Reached skill level 6 in Conjurations
  1925 | D:2      | Found a glowing golden altar of the Shining One.
  1971 | D:2      | Found a faded altar of an unknown god.
  1971 | D:2      | Found a blossoming altar of Fedhas.
  1976 | D:2      | Found an ancient bone altar of Kikubaaqudgha.
  1980 | D:2      | Found a shadowy altar of Dithmenos.
  1982 | D:2      | Found a sparkling altar of Nemelex Xobeh.
  2111 | D:2      | Found a burning altar of Makhleb.
  2119 | D:2      | Reached skill level 1 in Short Blades
  2670 | D:3      | Reached XP level 5. HP: 28/28 MP: 2/12
  3664 | D:4      | Got a translucent spear
  3669 | D:4      | Identified the +8 spear "Werie" {venom, rPois MR- Str+5 Stlth+} (You found it on level 4 of the Dungeon)
  3682 | D:4      | Learned a level 5 spell: Iskenderun's Battlesphere
  3736 | D:4      | Reached skill level 7 in Conjurations
  3830 | D:4      | Found an opulent altar of Gozag.
  3921 | D:4      | Found Soehyco's Jewellery Shoppe.
  3940 | D:4      | Found a sacrificial altar of Ru.
  4003 | D:4      | Reached skill level 1 in Charms
  4499 | D:4      | Reached XP level 6. HP: 25/32 MP: 4/14
  5288 | D:5      | Entered Level 5 of the Dungeon
  5342 | D:5      | Reached skill level 8 in Conjurations
  5495 | D:5      | Reached XP level 7. HP: 36/36 MP: 9/15
  5578 | D:5      | Reached skill level 1 in Polearms
  5612 | D:5      | Reached skill level 1 in Hexes
  6170 | D:5      | Noticed Eustachio
  6236 | D:4      | Killed Eustachio
  6670 | D:5      | Found a white marble altar of Elyvilon.
  6707 | D:5      | Reached XP level 8. HP: 41/41 MP: 12/16
  6713 | D:5      | Learned a level 4 spell: Iskenderun's Mystic Blast
  6820 | D:5      | Reached skill level 9 in Conjurations
  7017 | D:5      | Found a deep blue altar of Sif Muna.
  7161 | D:5      | Found a radiant altar of Vehumet.
  7169 | D:5      | Became a worshipper of Vehumet
  7235 | D:5      | Found a staircase to the Ecumenical Temple.
  7340 | D:5      | Found a hide-covered altar of Uskayaw.
  7574 | D:5      | Reached skill level 5 in Charms
  8344 | D:6      | Reached skill level 10 in Conjurations
  9349 | D:7      | Found a basalt altar of Yredelemnul.
  9372 | D:7      | Noticed Duvessa
  9379 | D:7      | Killed Duvessa
  9380 | D:7      | Noticed Dowan
  9381 | D:7      | Killed Dowan
  9697 | D:7      | Reached XP level 9. HP: 19/45 MP: 5/17
  9698 | D:7      | Reached skill level 11 in Conjurations
  9965 | D:7      | Reached * piety under Vehumet
  9965 | D:7      | Offered knowledge of Sandblast by Vehumet.
 10801 | D:7      | Reached skill level 5 in Dodging
 10903 | D:7      | Found Nampym Tuasch's Weapon Emporium.
 11168 | D:7      | Reached skill level 12 in Conjurations
 11629 | D:8      | Noticed a troll
 11633 | D:8      | Killed a troll
 11916 | D:8      | Offered knowledge of Flame Tongue by Vehumet.
 11919 | D:8      | Learned a level 1 spell: Flame Tongue
 11973 | D:8      | Found Qiney's Antique Weapon Shoppe.
 12003 | D:8      | Noticed an angel
 12025 | D:8      | Found a shimmering altar of Xom.
 12025 | D:8      | Found a glowing silver altar of Zin.
 12040 | D:8      | Reached ** piety under Vehumet
 12224 | D:8      | Gained mutation: Your spells are a little harder to cast, but a little more powerful. [potion of mutation]
 12224 | D:8      | Gained mutation: Your mind is acute. (Int +2) [potion of mutation]
 12224 | D:8      | Gained mutation: You expend magic power (3 MP) to strengthen your wands. [potion of mutation]
 12945 | D:9      | Found a staircase to the Lair.
 13022 | D:9      | Reached XP level 10. HP: 50/50 MP: 3/18
 13426 | D:9      | Reached skill level 13 in Conjurations
 13740 | D:9      | Reached skill level 1 in Fire Magic
 13901 | Lair:1   | Entered Level 1 of the Lair of Beasts
 13927 | Lair:1   | Killed from afar by a rime drake

Skill      XL: |  1  2  3  4  5  6  7  8  9 10 |
---------------+-------------------------------+-----
Conjurations   | 5 6 7 8 10 12 13 | 13.2
Short Blades   | 1 |  1.1
Spellcasting   | 4 |  4.3
Charms         | 1 2 4 6 8 9 |  9.2
Polearms       | 2 |  2.1
Hexes          | 1 |  1.5
Dodging        | 3 4 5 |  5.4
Fire Magic     | 1 |  1.5
Stealth        | |  2.4

Action                   |  1- 3 |  4- 6 |  7- 9 | 10-12 || total
-------------------------+-------+-------+-------+-------++-------
Melee: Dagger            |    14 |    14 |       |       ||    28
       Spear             |       |    29 |    84 |       ||   113
Throw: Tomahawk          |       |     4 |       |       ||     4
 Cast: Magic Dart        |    66 |   131 |   222 |    17 ||   436
       Searing Ray       |     2 |    14 |    34 |     1 ||    51
       Dazzling Spray    |     1 |     6 |    11 |       ||    18
       Iskenderun's Myst |       |       |    28 |     3 ||    31
       Iskenderun's Batt |       |       |    16 |     4 ||    20
       Flame Tongue      |       |       |    20 |    13 ||    33
  Use: Scroll            |       |     2 |    11 |     1 ||    14
       Potion            |       |       |     2 |       ||     2
 Stab: Sleeping          |     5 |     1 |       |       ||     6
       Invisible         |       |     2 |     2 |       ||     4
       Distracted        |       |     1 |       |       ||     1
  Eat: Chunk             |     3 |     6 |     8 |     1 ||    18
       Bread ration      |       |     1 |     3 |       ||     4
       Beef jerky        |       |     1 |       |       ||     1
       Meat ration       |       |       |     3 |     1 ||     4
Armor: Robe              |     3 |     9 |    17 |       ||    29
Dodge: Dodged            |     5 |    22 |    68 |    10 ||   105
Block: Buckler           |       |     2 |    17 |     1 ||    20
